AoeStats
← Pepim14

African Clearing

506504115Analyzed
4v4 RM · 17d ago on Sep 13, 2026· 37m 59s· 8 players
Game mode
Random Map
Map size
Large (8 player)
Population
200
Speed
Normal
Resources
Standard
Victory
Conquest
Starting age
Dark Age
Ending age
Imperial Age
RankedLock teamsTeams togetherTeam positionsShared explorationLock speedFull tech treeHidden civsTurbo modeCheats
Victory
Defeat
🇩🇪 Aztecs · Germany
1173
+12
🇩🇪 Japanese · Germany
1161
+13
🇩🇪 Franks · Germany
1092
+15
🇩🇪 Vietnamese · Germany
1001
+19
🇦🇷 Wu · Argentina
1103
-16
🇲🇽 Berbers · Mexico
1085
-15
🇺🇸 Aztecs · United States
1081
-15
🇲🇽 Jurchens · Mexico
1048
-13
TheRev9426
12:35 Feudal Age
11:23 Loom
13:09 Feudal Age
14:19 Double-Bit Axe
23:56 Castle Age
24:36 Bloodlines
24:19 Fletching
25:12 Bodkin Arrow
29:13 Wheelbarrow
29:02 Padded Archer Armor
32:33 Leather Archer Armor
36:34 Bow Saw
36:45 Treadmill Crane
37:28 Ballistics
tracter3515
4:47 Loom
20:24 Feudal Age
20:57 Fishing Lines
21:10 Arson
20:47 Man-at-Arms
22:17 Wheelbarrow
24:57 Castle Age
23:25 Forging
26:02 Hand Cart
25:31 Horse Collar
26:14 Eagle Warrior
26:54 Squires
27:23 Gambesons
27:16 Long Swordsman
28:17 Pikeman
NWGHOST7888
3:30 Loom
14:33 Feudal Age
16:02 Double-Bit Axe
16:36 Forging
17:33 Bloodlines
21:17 Wheelbarrow
22:19 Town Watch
25:12 Castle Age
24:04 Horse Collar
24:18 Gold Mining
24:25 Stone Mining
27:15 Hand Cart
33:25 Gambesons
36:58 Bow Saw
36:56 Heavy Plow
Pepim14
4:02 Loom
14:47 Feudal Age
15:55 Double-Bit Axe
17:11 Gold Mining
17:38 Town Watch
18:29 Wheelbarrow
23:33 Castle Age
23:32 Fishing Lines
23:50 Stone Mining
24:22 Pikeman
25:39 Scale Mail Armor
28:32 Man-at-Arms
29:17 Squires
30:53 Long Swordsman
fl0gression
3:07 Loom
15:32 Feudal Age
20:20 Castle Age
19:00 Double-Bit Axe
18:57 Horse Collar
22:21 Wheelbarrow
22:12 Heavy Plow
25:15 Stone Mining
27:41 Stone Shaft Mining
26:45 Man-at-Arms
27:23 Gambesons
28:17 Squires
28:13 Long Swordsman
29:10 Arson
29:40 Scale Mail Armor
29:22 Eagle Warrior
30:28 Forging
31:53 Chain Mail Armor
34:42 Hand Cart
RBTV_Red
4:42 Loom
15:18 Feudal Age
19:06 Castle Age
17:04 Gold Mining
17:01 Double-Bit Axe
17:08 Stone Mining
18:19 Forging
18:10 Scale Mail Armor
18:46 Arson
20:38 Bow Saw
20:34 Squires
25:54 Chain Mail Armor
27:54 Iron Casting
30:15 Wheelbarrow
30:16 Gold Shaft Mining
Pillerwiller
4:29 Loom
14:10 Feudal Age
18:35 Castle Age
16:24 Double-Bit Axe
20:38 Wheelbarrow
21:15 Husbandry
22:13 Bow Saw
24:29 Scale Barding Armor
26:43 Hand Cart
28:27 Forging
34:46 Scale Mail Armor
36:24 #83
36:10 Town Watch
[SOL] MoE86
15:09 Loom
26:23 Feudal Age
35:57 Wheelbarrow
Connection lost

Rejoining the realm…

Still unreachable

The connection could not be restored.

Session expired

The server has moved on; the page needs a fresh start.